Unix NetHack Version 3.7.0-94 Work-in-progress - last build Dec 18 2023 00:11:04 (7e3deff068b9ef4f2ebb9a71ea0f5c4a3b578a14,branch:master). Game began 2023-12-31 18:35:15, ended 2024-01-01 18:11:50. playerb, chaotic male orcish Wizard ------ ----------- #....>| |.........| #|....| ##..........| #####|....| # |.........| # |....| ------------ # |.........| ### +....| ...........| ##### ---.------- ### --.--- |.......@f.| * # #### # ### |.......^..| # # ## # # |...........## # -------------# # ################## -..........| ## |...........-##### ######-------.----## ------------ # |...........| # %## |...........## ####### |............######## |.........<|# -+-.--- |..........(| # |..........|############################..`(..| |...........| # |..........| |.....| |...........|## ------------ |.....| ------------- ------- Playerb the Evoker St:9 Dx:15 Co:14 In:16 Wi:12 Ch:8 Chaotic S:220 Dlvl:3 $:26 HP:0(11) Pw:7(7) AC:9 Xp:1/11 T:1049 Burdened Latest messages: As you kick the door, it crashes open! The shrieker shrieks. You miss the shrieker. You miss the shrieker. You miss the shrieker. You miss the shrieker. You swap places with your kitten. The kitten bites it. The kitten bites it. The kitten misses it. The kitten bites it. The kitten misses it. The kitten misses it. The kitten misses it. The kitten bites it. The kitten misses it. The kitten bites it. The kitten bites it. The hobbit swings his sling. The hobbit just misses! Pick an object. The hobbit swings his sling. The hobbit hits! You swap places with your kitten. The hobbit shoots a rock! The rock hits the kitten. The kitten bites the hobbit. The hobbit swings his sling at the kitten. The hobbit misses the kitten. The kitten bites it. You swap places with your kitten. p - a sling. t - 2 green gems. Pick an object. A bear trap closes on your foot! D - a food ration. A board beneath the kitten squeaks an F note loudly. You are caught in a bear trap. You are caught in a bear trap. You are caught in a bear trap. You are caught in a bear trap. You are caught in a bear trap. You finally wriggle free. In what direction? . There is a container and a bear trap here. Disarm the bear trap? [ynq] (q) y Whoops... A bear trap closes on your foot! Your movements are slowed slightly because of your load. You die... Do you want your possessions identified? [ynq] (y) q Inventory: Coins $ - 26 gold pieces Weapons u - a +1 crossbow v - a cursed +0 crossbow p - a cursed -1 sling C - a +0 stiletto a - a blessed +1 quarterstaff (weapon in hands) Armor b - a blessed +0 cloak of magic resistance (being worn) Comestibles q - an uncursed cram ration D - a cursed food ration x - an uncursed lembas wafer r - an uncursed tripe ration Scrolls s - an uncursed scroll of create monster i - an uncursed scroll of destroy armor j - an uncursed scroll of identify k - an uncursed scroll of teleportation Spellbooks l - a blessed spellbook of force bolt m - an uncursed spellbook of magic missile y - an uncursed spellbook of teleport away Potions B - a cursed potion of booze g - an uncursed potion of enlightenment h - a blessed potion of monster detection f - an uncursed potion of object detection A - an uncursed potion of restore ability Rings e - an uncursed ring of fire resistance d - an uncursed ring of regeneration o - an uncursed ring of regeneration Wands c - a wand of teleportation (0:5) Tools n - a magic marker (0:22) z - an uncursed tin whistle Gems/Stones w - an uncursed worthless piece of blue glass t - 2 cursed worthless pieces of green glass Playerb the Wizard's attributes: Background: You were an Evoker, a level 1 male orcish Wizard. You were chaotic, nominally on a mission for Anhur who was opposed by Ptah (lawful) and Thoth (neutral). You were right-handed. You were in the Dungeons of Doom, on level 3. You entered the dungeon 1049 turns ago. You had 11 experience points, 9 more were needed to attain level 2. Your score was 220 before end-of-game adjustments. Basics: You had 0 out of 11 hit points. You had all 7 energy points (spell power). Your armor class was 9. Your wallet contained 26 zorkmids. Autopickup was off. Final Characteristics: Your strength was 9 (limit:18/50). Your dexterity was 15 (base:16, limit:18). Your constitution was 14 (limit:18). Your intelligence was 16 (limit:16). Your wisdom was 12 (limit:16). Your charisma was 8 (limit:16). Final Status: You were trapped in a bear trap. You had wounded legs. You weren't hungry. You were burdened; movement was slightly slowed. You were wielding a quarterstaff. You had basic skill with quarterstaff. Final Attributes: You were fervently aligned. You were magic-protected. You were poison resistant. You had infravision. You were warded. You are dead. Miscellaneous: You never encountered a bones level. Total elapsed playing time was 11 minutes and 14 seconds. Major events: Turn 1: playerb the chaotic male orcish Wizard entered the dungeon 301: entered the Gnomish Mines 1049: killed by a bear trap Vanquished creatures: a shrieker a hobbit 4 jackals 4 grid bugs a lichen 2 kobold zombies 5 newts 18 creatures vanquished. No species were genocided or became extinct. Voluntary challenges: You were an atheist. You were illiterate. You never engraved Elbereth. You never genocided any monsters. You never polymorphed an object. You never changed form. You used no wishes. Achievement: You entered the Gnomish Mines. The Dungeons of Doom: levels 1 to 4 Level 1: A fountain. Level 2: A fountain. Stairs down to The Gnomish Mines. Level 3: <- You were here. Final resting place for you, killed by a bear trap. Level 4: The Gnomish Mines: Level 3: Game over: ---------- / \ / REST \ / IN \ / PEACE \ / \ | playerb | | 26 Au | | killed by a bear | | trap | | | | | | 2024 | *| * * * | * _________)/\\_//(\/(/\)/\//\/|_)_______ Goodbye playerb the Wizard... You died in The Dungeons of Doom on dungeon level 3 with 218 points, and 26 pieces of gold, after 1049 moves. You were level 1 with a maximum of 11 hit points when you died.